 Dungeon Crawl Stone Soup version 0.25.1-2-g60ff931df9 (webtiles) character file.

Game seed: 12315387174696915260

498 DearestLeader the Geomancer (level 7, 0/36 HPs)
             Began as a Gargoyle Earth Elementalist on Sept 26, 2020.
             Slain by an orc priest (2 damage)
             ... on level 4 of the Dungeon.
             The game lasted 00:07:08 (4603 turns).

DearestLeader the Geomancer (GrEE)                  Turns: 4603, Time: 00:07:09

Health: 0/36       AC:  7    Str: 11    XL:     7   Next: 16%
Magic:  0/10       EV: 12    Int: 18    God:
Gold:   245        SH:  0    Dex: 10    Spells: 4/10 levels left

rFire    . . .     SeeInvis .   o - +0 whip
rCold    . . .     Gourm    .   (no shield)
rNeg     + . .     Faith    .   c - +0 robe
rPois    ∞         Spirit   .   (no helmet)
rElec    +         Reflect  .   e - +0 cloak
rCorr    .         Harm     .   (no gloves)
MR       .....                  (no boots)
Stlth    ++........             (no amulet)
HPRegen  0.12/turn              (no ring)
MPRegen  0.12/turn              (no ring)

@: no status effects
A: negative energy resistance 1, electricity resistance, unbreathing,
petrification resistance, rot immunity, AC +4
a: no special abilities


You were on level 4 of the Dungeon.
You were not hungry.

You visited 1 branch of the dungeon, and saw 4 of its levels.

You collected 245 gold pieces.

Inventory:

Hand Weapons
 o - a +0 whip (weapon)
Missiles
 b - 160 stones (quivered)
Armour
 c - a +0 robe (worn)
 e - a +0 cloak (worn)
Wands
 s - a wand of digging (4)
Scrolls
 a - 3 scrolls of fear {unknown}
 g - 4 scrolls of teleportation
 h - a scroll of enchant armour
 i - a scroll of fog
 q - a scroll of amnesia
Potions
 f - 2 potions of ambrosia {unknown}
 j - 2 potions of haste {unknown}
 k - 2 potions of brilliance {unknown}
 l - a potion of berserk rage {unknown}
 m - a potion of curing
 n - 2 potions of lignification {unknown}
 p - a potion of stabbing {unknown}
 t - a potion of mutation {unknown}
Comestibles
 d - 12 rations


   Skills:
 - Level 1.5 Dodging
 - Level 2.1 Stealth
 - Level 2.0 Spellcasting
 - Level 0.7 Transmutations
 * Level 9.5 Earth Magic


You had 4 spell levels left.
You knew the following spells:

 Your Spells              Type           Power        Failure   Level  Hunger
a - Sandblast             Erth           #####.       1%          1    #......
b - Passwall              Tmut/Erth      ###.....     3%          2    ###....
c - Stone Arrow           Conj/Erth      ###...       8%          3    ###....

Your spell library contained the following spells:

 Spells                   Type           Power        Failure   Level  Hunger
 Petrify                  Tmut/Erth      ###.....     22%         4    #####..
 Lee's Rapid Deconstruct  Erth           #####.....   10%         5    ######.


Dungeon Overview and Level Annotations

Branches:
Dungeon (4/15)
 Temple: D:4-7

Altars:
Okawaru
Beogh

Shops:
D:4 (

Annotations:
D:4 2 transporters, kalagan's ghost, novice GrFi


Innate Abilities, Weirdness & Mutations

You are resistant to torment.
Your stone body is resilient. (AC +4)
You are immune to poison.
You resist negative energy. (rN+)
You are resistant to electric shocks. (rElec)
You can survive without breathing.
You are immune to petrification.
You are immune to rotting.


Message History

Press: ? - help, Shift-Dir - straight line, f/p - orc priest
Aim: an orc priest, wearing a +0 chain mail (moderately wounded)
The blast of sand misses the orc priest.
b - 160 stones The orc priest barely misses you.
You hit the orc priest but do no damage.
The orc priest is moderately wounded.
The orc priest barely misses you.
You hit the orc priest but do no damage.
The orc priest is moderately wounded.
The orc priest hits you but does no damage.
You hit the orc priest but do no damage.
The orc priest is moderately wounded.
The orc priest closely misses you.
You hit the orc priest.
The orc priest is severely wounded.
The orc priest hits you.
* * * LOW HITPOINT WARNING * * *
The orc priest hits you.
You die...

.... ..#####.. ....
......... ... ....
.........# ... ....
.......... .... ....
.......).# ..... ....
.........##...#. ......
##.>....o....... ......
.......)@[....###......##
..>...........'..........
..............##.........
...........#####....###..
..."......#.........###..
..........#...........#..
..........#...........#..
.................##...#..
.................##......


You could see an orc priest.

Vanquished Creatures
  Grinder (D:4)
  2 orc wizards
  2 orc priests
  A worker ant (D:2)
  6 adders
  2 oozes
  4 worms
  2 dart slugs
  2 leopard geckos
  9 orcs
  3 giant cockroaches
  8 goblins
  9 hobgoblins
  5 jackals (D:3)
  7 kobolds
  A ball python (D:2)
  8 bats
  3 frilled lizards
  8 rats
83 creatures vanquished.

Notes
Turn   | Place    | Note
-------+----------+-------------------------------------------
     0 | D:1      | DearestLeader the Gargoyle Earth Elementalist began the
                  | quest for the Orb.
     0 | D:1      | Reached XP level 1. HP: 10/10 MP: 3/3
    51 | D:1      | Reached skill level 4 in Earth Magic
   121 | D:1      | Reached XP level 2. HP: 14/15 MP: 5/5
  1226 | D:1      | Reached skill level 5 in Earth Magic
  1226 | D:1      | Reached XP level 3. HP: 10/19 MP: 3/6
  1879 | D:2      | Reached XP level 4. HP: 15/24 MP: 1/7
  2141 | D:2      | Reached skill level 6 in Earth Magic
  2319 | D:2      | Found an iron altar of Okawaru.
  2984 | D:3      | Found a roughly hewn altar of Beogh.
  2998 | D:3      | Reached XP level 5. HP: 28/28 MP: 0/8
  3009 | D:3      | Reached skill level 7 in Earth Magic
  4208 | D:4      | Found a transporter.
  4208 | D:4      | Found a transporter.
  4208 | D:4      | Noticed kalagan's ghost (novice GrFi)
  4209 | D:4      | Noticed an ogre
  4209 | D:4      | Noticed an ogre
  4237 | D:4      | Reached XP level 6. HP: 32/32 MP: 9/9
  4250 | D:4      | Reached skill level 8 in Earth Magic
  4425 | D:4      | Noticed Grinder
  4432 | D:4      | Killed Grinder
  4432 | D:4      | Reached skill level 9 in Earth Magic
  4432 | D:4      | Reached XP level 7. HP: 36/36 MP: 6/10
  4436 | D:4      | Learned a level 2 spell: Passwall
  4440 | D:4      | Learned a level 3 spell: Stone Arrow
  4549 | D:4      | Found Jiah's Weapon Shoppe.
  4603 | D:4      | Slain by an orc priest

Illustrated notes

Levels and vault maps discovered:
D:1:      evilmike_arrival_rings, layout_loops_ring, fountainhead, hex_medium
D:2:      layout_loops_ring, serial_forest, infiniplex_forest_straight_4,
          infiniplex_forest_straight_1, infiniplex_forest_clump_diagonal,
          infiniplex_forest_end_1, infiniplex_forest_corner_2, first_ration,
          okawaru_ov_weapons_minmay
D:3:      layout_loops_ring, cheibrodos_sewer_entry_bend, serial_bayou_ford_a,
          kennysheep_orc_chapel
D:4:      layout_basic, serial_shops, kennysheep_mini_moat,
          gammafunk_ghost_smash, uniq_grinder

Skill      XL: |  1  2  3  4  5  6 |
---------------+-------------------+-----
Earth Magic    | 4 5 6 7 9 |  9.5
Dodging        | |  1.5
Stealth        | |  2.1
Spellcasting   | |  2.0
Transmutations | |  0.7

Action                   |  1- 3 |  4- 6 |  7- 9 || total
-------------------------+-------+-------+-------++-------
Melee: Unarmed           |    31 |       |       ||    31
       Mace              |    65 |       |       ||    65
       Whip              |     3 |   168 |     6 ||   177
 Cast: Sandblast         |    13 |    48 |    13 ||    74
  Use: Scroll            |     5 |     2 |       ||     7
       Potion            |       |       |     1 ||     1
 Stab: Sleeping          |     3 |     3 |       ||     6
  Eat: Chunk             |     3 |     9 |     1 ||    13
Armor: Robe              |    39 |    89 |     2 ||   130
Dodge: Dodged            |    80 |   133 |     6 ||   219
